 Dungeon Crawl Stone Soup version 0.25.0-41-g26779e291d (webtiles) character file.

Game seed: 4814965374548672690

15074 Revguard the Grappler (level 12, -46/101 HPs)
             Began as a Ghoul Gladiator on July 9, 2020.
             Was a High Priest of Cheibriados.
             Annihilated by an enormous slime creature (77 damage)
             ... on level 12 of the Dungeon on July 10, 2020.
             The game lasted 00:44:23 (12229 turns).

Revguard the Grappler (Ghoul Gladiator)            Turns: 12229, Time: 00:44:23

Health: -46/101    AC: 13    Str: 33    XL:     12   Next: 23%
Magic:  16/16      EV: 18    Int: 16    God:    Cheibriados [*****.]
Gold:   723        SH:  0    Dex: 32    Spells: 11/11 levels left

rFire    . . .     SeeInvis +     - Unarmed
rCold    + . .     Gourm    .   (no shield)
rNeg     + + +     Faith    .   D - +1 ring mail "Neicapt" {Str+2 Dex+7}
rPois    ∞         Spirit   .   b - +1 helmet
rElec    .         Reflect  .   u - +0 cloak
rCorr    .         Harm     .   (no gloves)
MR       .....                  j - +2 pair of boots
Stlth    +++.......             i - amulet of the acrobat
HPRegen  0.00/turn              H - +4 ring of slaying
MPRegen  0.15/turn              h - ring of see invisible

@: rotting, very slow
A: rotting body, claws 1, carnivore, cold resistance 1, negative energy
resistance 3, inhibited regeneration, torment resistance, unbreathing
a: Bend Time, Temporal Distortion, Slouch, Step From Time, Renounce Religion


You were on level 12 of the Dungeon.
You worshipped Cheibriados.
Cheibriados was extremely pleased with you.
You were not hungry.

You visited 2 branches of the dungeon, and saw 13 of its levels.
You visited the Abyss 1 time.
You also visited: Sewer and Ossuary.

You collected 723 gold pieces.

Inventory:

Missiles
 c - 4 throwing nets
 k - 59 poisoned darts (quivered)
 G - 8 javelins
Armour
 b - a +1 helmet (worn)
 j - a +2 pair of boots (worn)
 u - a +0 cloak (worn)
 D - the +1 ring mail "Neicapt" (worn) {Str+2 Dex+7}
   (You found it on level 4 of the Dungeon)

   It affects your strength (+2).
   It affects your dexterity (+7).
Jewellery
 g - an uncursed ring of fire
 h - a ring of see invisible (right claw)
 i - an amulet of the acrobat (around neck)
 l - an uncursed ring of protection from fire
 v - an uncursed amulet of magic regeneration
 H - a +4 ring of slaying (left claw)
 I - an uncursed ring of resist corrosion
 O - an uncursed amulet of guardian spirit
Wands
 f - a wand of random effects (74)
 m - a wand of polymorph (22)
 s - a wand of clouds (2)
 J - a wand of enslavement (11)
 L - a wand of flame (10)
Scrolls
 e - 7 scrolls of enchant armour
 p - 5 scrolls of teleportation
 q - 4 scrolls of remove curse
 r - a scroll of amnesia
 w - 2 scrolls of enchant weapon
 y - 3 scrolls of identify
 A - 2 scrolls of immolation
 B - 2 scrolls of magic mapping
 F - 3 scrolls of fog
 M - 2 scrolls of blinking
Potions
 n - 2 potions of might
 o - a potion of cancellation
 t - 3 potions of stabbing
 x - 4 potions of ambrosia
 z - 5 potions of curing
 C - 5 potions of flight
 E - 3 potions of brilliance
 P - a potion of magic
Comestibles
 d - 26 rations


   Skills:
 * Level 7.8 Fighting
 + Level 2.9 Throwing
 + Level 5.4 Armour
 + Level 6.2 Dodging
 + Level 4.4 Stealth
 + Level 13.3 Unarmed Combat
 * Level 7.3 Invocations
 * Level 6.1 Evocations


You had 11 spell levels left.
You didn't know any spells.
Your spell library contained the following spells:

 Spells                   Type           Power        Failure   Level  Hunger
 Apportation              Tloc           #.....       32%         1    ##.....
 Freeze                   Ice            #...         32%         1    ##.....
 Shock                    Conj/Air       #...         32%         1    ##.....
 Summon Butterflies       Summ           #.......     32%         1    ##.....
 Swiftness                Chrm/Air       #.......     45%         2    ###....
 Frozen Ramparts          Ice            #.....       69%         3    ####...
 Lesser Beckoning         Tloc           #.........   69%         3    ####...
 Ozocubu's Armour         Chrm/Ice       #.......     69%         3    ####...
 Static Discharge         Conj/Air       #.......     69%         3    ####...
 Tukima's Dance           Hex            #.......     69%         3    ####...
 Airstrike                Air            #.........   97%         4    #####..
 Hailstorm                Conj/Ice       #.......     97%         4    #####..
 Summon Ice Beast         Ice/Summ       #.......     97%         4    #####..
 Alistair's Intoxication  Tmut/Pois      #.......     100%        5    ######.
 Lightning Bolt           Conj/Air       #.........   100%        5    ######.
 Invisibility             Hex            #.......     100%        6    #######


Dungeon Overview and Level Annotations

Branches:
Dungeon (12/15)            Temple (1/1) D:4            Lair (0/6) D:9
    Orc (0/2) D:9           Sewer (visited)         Ossuary (visited)

Altars:
Ashenzari
Cheibriados
Dithmenos
Elyvilon
Fedhas
Gozag
Hepliaklqana
Kikubaaqudgha
Makhleb
Nemelex Xobeh
Okawaru
Qazlal
Ru
Sif Muna
Trog
Uskayaw
Vehumet
Xom
Yredelemnul
Zin
The Shining One

Shops:
D:5 !   D:8 [


Innate Abilities, Weirdness & Mutations

Your body is rotting away.
You thrive on raw meat.
You are immune to poison.
You have sharp fingernails.
You are carnivorous and can eat meat at any time.
Your flesh is cold resistant. (rC+)
You are immune to negative energy. (rN+++)
You do not regenerate when monsters are visible.
You are immune to unholy pain and torment.
You can survive without breathing.


Message History

You feel a little less mighty now.
You mangle the enormous slime creature!!
You claw the enormous slime creature!
The enormous slime creature is heavily wounded.
You claw the enormous slime creature!
Your claw misses the enormous slime creature.
The enormous slime creature is severely wounded.
The enormous slime creature misses you.
You mangle the enormous slime creature!!
The enormous slime creature is severely wounded.
You mangle the enormous slime creature!!
The enormous slime creature is severely wounded.
The enormous slime creature hits you!
Evoke which item? (* to show all) (? for menu, Esc to quit)
Okay, then.
You mangle the enormous slime creature!!
The enormous slime creature is almost dead.
The enormous slime creature hits you!!!!
Ouch! That really hurt!
You die...

.....### #
#..# .....#
#. #..#
.....# #J#
#..# ....##
.J# #..#
...##
#.####..#
#... #J.....#
#..((..#
####§§#####
#..§○§J@((#
.....##§###.#
###. #.# .#
#. #.# .# #.
..# .# . ###
.# .# .#


You could see an enormous slime creature.

Vanquished Creatures
  Fannar (D:10)
  A hydra (D:9)
  2 two-headed ogres
  An unseen horror (D:12)
  An ugly thing (D:11)
  Joseph (D:7)
  Maggie (D:9)
  A kobold demonologist (D:11)
  A komodo dragon (D:10)
  2 trolls
  A slime creature (D:12)
  3 hippogriffs
  A wraith (D:8)
  A wyvern (D:8)
  A spriggan (D:8)
  Grum (D:9)
  3 yaks (D:9)
  3 hungry ghosts
  2 wargs (D:9)
  A water moccasin (D:10)
  Duvessa (D:7)
  A porcupine (D:9)
  6 orc warriors
  5 ice beasts
  4 black bears
  A sky beast (D:8)
  2 phantoms
  8 ogres
  2 wolves (D:9)
  11 centaurs
  3 big kobolds
  Blork the orc (D:6)
  6 bullfrogs
  2 water moccasin zombies (Ossuary)
  Dowan (D:7)
  3 scorpions
  10 killer bees
  A troll skeleton (D:8)
  7 wights
  9 crimson imps
  2 electric eels (D:10)
  5 bullfrog zombies
  2 quasits
  3 human zombies (D:8)
  3 jellies
  3 orc priests
  8 hounds
  A human skeleton (D:8)
  5 orc wizards
  3 iguanas
  Natasha (thrice) (D:2)
  A bullfrog skeleton (D:7)
  9 worker ants
  A killer bee zombie (D:10)
  A big kobold zombie (Ossuary)
  A hound zombie (D:8)
  2 hound skeletons (D:5)
  4 mummies
  Robin (D:2)
  13 adders
  7 river rats
  4 gnolls (D:2)
  4 shadow imps
  5 adder zombies
  3 adder skeletons
  5 worms (D:3)
  2 dart slugs
  5 leopard geckos
  26 orcs
  9 ball pythons
  8 bats
  9 hobgoblins
  20 jackals
  18 kobolds
  6 quokkas
  9 frilled lizards
  13 goblins
  2 hobgoblin zombies (Ossuary)
  A jackal zombie (D:6)
  7 kobold zombies (Ossuary)
  A leopard gecko skeleton (D:3)
  8 orc zombies
  2 quokka skeletons
  21 rats
  2 rat zombies (D:4)
  A plant (D:9)
382 creatures vanquished.

Vanquished Creatures (others)
  2 fungi (D:9)
2 creatures vanquished.

Grand Total: 384 creatures vanquished

Notes
Turn   | Place    | Note
-------+----------+-------------------------------------------
     0 | D:1      | Revguard the Ghoul Gladiator began the quest for the Orb.
     0 | D:1      | Reached XP level 1. HP: 17/17 MP: 0/0
   107 | D:1      | Reached XP level 2. HP: 19/25 MP: 1/1
   568 | D:1      | Reached XP level 3. HP: 29/30 MP: 2/2
  1094 | D:2      | Noticed Robin
  1104 | D:2      | Noticed Natasha
  1117 | D:2      | Killed Robin
  1117 | D:2      | Reached skill level 4 in Unarmed Combat
  1127 | D:2      | Killed Natasha
  1127 | D:2      | Reached XP level 4. HP: 18/37 MP: 3/3
  1135 | D:2      | Reached skill level 1 in Armour
  1151 | D:2      | Noticed Natasha
  1340 | D:2      | Killed Natasha
  1340 | D:2      | Reached XP level 5. HP: 19/42 MP: 4/4
  1383 | D:2      | Noticed Natasha
  1395 | D:2      | Killed Natasha
  1476 | D:2      | Reached skill level 5 in Unarmed Combat
  1709 | D:2      | Cast into level 1 of the Abyss (orc)
  1759 | Abyss:1  | Reached XP level 6. HP: 50/50 MP: 5/5
  1772 | Abyss:1  | Noticed a starcursed mass
  1773 | Abyss:1  | Reached skill level 6 in Unarmed Combat
  1775 | D:2      | Escaped the Abyss
  1807 | D:2      | Found a shimmering altar of Xom.
  2367 | D:3      | Found a basalt altar of Yredelemnul.
  2560 | D:3      | Reached XP level 7. HP: 55/56 MP: 6/6
  2793 | D:3      | Found a glowing drain.
  2820 | Sewer    | Entered a sewer
  3012 | Sewer    | Reached skill level 1 in Stealth
  3426 | D:3      | Reached skill level 7 in Unarmed Combat
  3939 | D:4      | Reached skill level 1 in Evocations
  3987 | D:4      | Found a sand-covered staircase.
  4010 | Ossuary  | Entered an ossuary
  4195 | Ossuary  | Reached XP level 8. HP: 39/62 MP: 8/8
  4320 | D:4      | Found an opulent altar of Gozag.
  4475 | D:4      | Reached skill level 8 in Unarmed Combat
  4500 | D:4      | Found a staircase to the Ecumenical Temple.
  4516 | Temple   | Entered the Ecumenical Temple
  4791 | Temple   | Became a worshipper of Cheibriados the Contemplative
  4935 | D:4      | Got a smouldering ring mail
  4937 | D:4      | Identified the +1 ring mail "Neicapt" {Str+2 Dex+7} (You
                  | found it on level 4 of the Dungeon)
  5021 | D:5      | Entered Level 5 of the Dungeon
  5127 | D:5      | Reached skill level 1 in Invocations
  5152 | D:5      | Reached skill level 9 in Unarmed Combat
  5159 | D:5      | Found a sparkling altar of Nemelex Xobeh.
  5235 | D:5      | Found Piorao's Distillery.
  5330 | D:5      | Found a burning altar of Makhleb.
  5330 | D:5      | Found a radiant altar of Vehumet.
  5358 | D:5      | Found a shadowy altar of Dithmenos.
  5477 | D:5      | Reached XP level 9. HP: 70/70 MP: 9/9
  5630 | D:6      | Reached * piety under Cheibriados
  5733 | D:6      | Noticed Blork the orc
  6281 | D:6      | Found the +9 sword of Zonguldrok {reap}
  6287 | D:6      | Killed Blork the orc
  6607 | D:7      | Noticed Dowan
  6610 | D:7      | Noticed Duvessa
  6631 | D:7      | Killed Duvessa
  6631 | D:7      | Reached skill level 10 in Unarmed Combat
  6656 | D:7      | Killed Dowan
  6661 | D:7      | Reached ** piety under Cheibriados
  6679 | D:7      | Reached skill level 5 in Dodging
  6835 | D:7      | Found a white marble altar of Elyvilon.
  6962 | D:7      | Reached skill level 5 in Fighting
  6962 | D:7      | Reached XP level 10. HP: 54/81 MP: 12/12
  7152 | D:7      | Noticed Joseph
  7177 | D:7      | Killed Joseph
  7401 | D:8      | Reached *** piety under Cheibriados
  7423 | D:8      | Found an iron altar of Okawaru.
  7429 | D:8      | Reached skill level 11 in Unarmed Combat
  7761 | D:8      | Found Zirchueqa's Antique Armour Emporium.
  7981 | D:8      | Reached skill level 5 in Invocations
  8256 | D:8      | Reached **** piety under Cheibriados
  8320 | D:8      | Found an ancient bone altar of Kikubaaqudgha.
  8585 | D:9      | Noticed Maggie
  8587 | D:9      | Found a blossoming altar of Fedhas.
  8590 | D:9      | Killed Maggie
  8619 | D:9      | Found a glowing golden altar of the Shining One.
  8745 | D:9      | Reached XP level 11. HP: 37/91 MP: 14/14
  8909 | D:9      | Noticed a two-headed ogre
  8920 | D:9      | Killed a two-headed ogre
  9075 | D:9      | Reached skill level 12 in Unarmed Combat
  9270 | D:9      | Noticed a six-headed hydra
  9283 | D:9      | Killed a six-headed hydra
  9283 | D:9      | Reached skill level 5 in Evocations
  9501 | D:9      | Found a staircase to the Lair.
  9660 | D:9      | Noticed Grum
  9661 | D:9      | Reached ***** piety under Cheibriados
  9688 | D:9      | Killed Grum
  9804 | D:9      | Found a staircase to the Orcish Mines.
  9961 | D:10     | Entered Level 10 of the Dungeon
 10056 | D:10     | Upgraded the game from 0.25.0-37-gb73750e0fb to
                  | 0.25.0-41-g26779e291d
 10271 | D:10     | Noticed Fannar
 10292 | D:10     | Killed Fannar
 10292 | D:10     | Reached skill level 5 in Armour
 10836 | D:10     | Noticed a two-headed ogre
 10844 | D:10     | Killed a two-headed ogre
 11546 | D:11     | Reached skill level 13 in Unarmed Combat
 11659 | D:11     | Reached XP level 12. HP: 100/100 MP: 16/16
 12229 | D:12     | Annihilated by an enormous slime creature

Illustrated notes

Levels and vault maps discovered:
D:1:      ncdulo_wetmaze, layout_basic, serial_forest,
          infiniplex_forest_lined_corner, infiniplex_forest_clump_small,
          infiniplex_forest_corner_1, infiniplex_forest_clump_double,
          infiniplex_forest_clump_double, infiniplex_forest_end_double
D:2:      layout_rooms, tgw_xom, first_ration, uniq_natasha, uniq_robin
D:3:      layout_loops_ring, yredelemnul_altar_generic,
          lightli_sewer_entry_pipes, kennysheep_path_1
D:4:      layout_rooms, grunt_gozag_breadcrumbs, minmay_temple_entry_glass,
          enter_ossuary_4, minmay_fractal_squares_gapless_5
D:5:      layout_rooms, gammafunk_temple_overflow_claw, serial_shops,
          nicolae_shop_waterfront, nemelex_xobeh_ov_fountains_minmay
D:6:      layout_basic, nicolae_overflow_hidden_temple, sword_in_stone
D:7:      layout_basic, elyvilon_altar_4, uniq_duvessa, uniq_joseph
D:8:      layout_basic, okawaru_ov_weapons_minmay,
          lemuel_mausoleum_altar_kikubaaqudgha, serial_shops,
          nicolae_shop_crystal, the_bakery
D:9:      layout_roguey, kennysheep_little_box, grunt_lair_entry_orc_guard_hut,
          minmay_orc_entry_guard_dogs, basic_altar, uniq_maggie, uniq_grum
D:10:     layout_stronghold, hive_lemuel, uniq_fannar
D:11:     layout_loops_ring, kennysheep_big_empty_room
D:12:     layout_loops_ring
Temple:   jpeg_temple_clearing

Skill      XL: |  1  2  3  4  5  6  7  8  9 10 11 12 |
---------------+-------------------------------------+-----
Dodging        | 3 4 5 6 |  6.2
Throwing       | 2 |  2.9
Unarmed Combat | 4 5 6 7 9 10 11 13 | 13.3
Armour         | 1 2 3 4 5 |  5.4
Stealth        | 1 2 3 4 |  4.4
Evocations     | 1 2 3 4 5 6 |  6.1
Fighting       | 3 5 6 7 |  7.8
Invocations    | 2 4 5 7 |  7.3

Action                   |  1- 3 |  4- 6 |  7- 9 | 10-12 || total
-------------------------+-------+-------+-------+-------++-------
Melee: Unarmed           |    84 |   173 |   551 |   466 ||  1274
       Punch             |     1 |     5 |    21 |    59 ||    86
Throw: Dart              |     5 |     5 |     6 |     6 ||    22
       Throwing net      |     1 |       |       |       ||     1
Invok: Slouch            |       |       |       |     2 ||     2
Evoke: Wand              |       |       |     1 |     2 ||     3
  Use: Scroll            |       |       |    16 |    11 ||    27
       Potion            |       |       |    12 |     4 ||    16
 Stab: Sleeping          |       |       |     3 |    14 ||    17
       Distracted        |       |       |       |     1 ||     1
  Eat: Chunk             |    10 |    15 |    43 |    31 ||    99
       Ration            |       |       |       |     1 ||     1
Armor: Leather armour    |    53 |    98 |   112 |       ||   263
       Ring mail         |       |       |    55 |   169 ||   224
Dodge: Dodged            |    99 |   226 |   490 |   630 ||  1445
